 Dungeon Sprint DCSS version 0.31-a0-819-gf6de2f5ab6 (webtiles) character file.

Game seed: 5450348943699565435

303 sircluck the Grappler (level 6, -3/102 HPs)
             Began as a Troll Berserker on Sept 23, 2023.
             Was an Elder of Trog.
             Slain by a human
             ... wielding a +0 club
              (9 damage)
             ... in the Dungeon (Sprint III: "The Ten Rune Challenge").
             The game lasted 00:01:17 (286 turns).

sircluck the Grappler (Troll Berserker)              Turns: 286, Time: 00:01:19

Health: -3/102     AC:  5    Str: 27    XL:     6   Next: 15%
Magic:  5/5        EV: 12    Int:  2    God:    Trog [****..]
Gold:   44         SH:  0    Dex: 13    Spells: 5/5 levels left

rFire   . .          .
                       - Unarmed
rCold   . . .        (no shield)
rNeg    . . .        h - +1 robe {Will+}
rPois   .            (helmet restricted)
rElec   .            (no cloak)
rCorr   .            (gloves unavailable)
SInv    .            (boots unavailable)
Will    +....        (no amulet) Stlth
                     (no ring)
HPRegen 1.17/turn    (no ring)
MPRegen 0.09/turn

%: no teleportation, clarity
@: berserking, very quick
A: large, unfitting armour, claws 3, regeneration 1, shaggy fur 1, tough skin 1,
agile 1, clarity
a: Renounce Religion, Berserk, Trog's Hand, Brothers in Arms


You were in the Dungeon.
You worshipped Trog.
Trog was greatly pleased with you.
You visited 1 branch You collected 44 gold pieces.

Inventory:

Armour
 a - a +0 animal skin
 h - a +1 robe of willpower (worn)
Scrolls
 g - a scroll of blinking
 i - 2 scrolls of fog {unknown}
 k - 2 scrolls of poison {unknown}
 l - a scroll of enchant weapon {unknown}
 n - 2 scrolls of identify
Potions
 b - a potion of curing
 c - a potion of heal wounds
 d - a potion of haste
 e - 2 potions of magic
 f - a potion of berserk rage
 m - 4 potions of enlightenment


   Skills:
 + Level 6.8 Fighting
 + Level 6.7 Dodging
 + Level 8.0 Unarmed Combat


You had 5 spell levels left.
You didn't know any spells.
Your spell library was empty.

Dungeon Overview and Level Annotations

Branches:
Dungeon (1/1)

Altars:
Kikubaaqudgha
Okawaru
Sif Muna
Trog
Uskayaw
Vehumet
Wu Jian


Innate Abilities, Weirdness & Mutations

You are too large for most types of armour.
You have claws for hands.
Your natural rate of healing is unusually fast.
You are covered in fur. (AC +1)
You have tough skin. (AC +1)
You are agile. (Dex +4, Str/Int -1)
You possess an exceptional clarity of mind.


Message History

You scratch the human.
The human is lightly wounded.
The human rages.
The human completely misses you.
You mangle the human!!
The human is severely wounded.
The human hits you!
You barely miss the human.
The human is severely wounded.
The human rages.
Okay, then.
You scratch the human.
The human is almost dead.
The human misses you.
You claw the human!
You kill the human!
Trog accepts your kill.
Your Fighting skill increases to level 6!
Your Dodging skill increases to level 6!
Your Unarmed Combat skill gained 2 levels and is now at level 8!
You have reached level 6!
You feel stronger.
Unknown command.
You barely miss the human. The human hits you with a +0 club! x2
* * * LOW HITPOINT WARNING * * *
You claw the human!
The human is lightly wounded.
The human hits you with a +0 club!
* * * LOW HITPOINT WARNING * * *
A red film seems to cover your vision as you go berserk!
You feel yourself moving faster!
You feel mighty! The human hits you with a +0 club!
* * * LOW HITPOINT WARNING * * *
You closely miss the human.
The human is lightly wounded.
The human closely misses you.
You completely miss the human.
The human is lightly wounded.
The human hits you with a +0 club!
You die...

▓▓▓▓▓▓ ▓▓▓ .....♣♣ ♣.#
##### ....♣.♣ ♣.# #___#
....♣♣♣ ♣♣.# #__.#
....~♣♣♣♣..###+#p###+##
...~~.♣..♣.#....@.....#
..~~~~♣♣♣..'.⌠........#
..~≈≈~~~.♣.#...######+#
.~~≈~~~....#.⌠.#
.~≈~~~.....#...#
.~~~.......#'###
...........#.))#
...........#___#
▓▓▓▓▓▓▓▓▓▓▓▓▓▓▓▓


You could see a human (berserk).

Vanquished Creatures
  A water elemental (D)
  A wizard (D)
  Jessica (D)
  2 humans (D)
  A kobold demonologist (D)
  A wolf (D)
  An endoplasm (D)
  2 rats (D)
10 creatures vanquished.

Notes
Turn   | Place    | Note
-------+----------+-------------------------------------------
     0 | D        | sircluck the Troll Berserker began the quest for the Orb.
     0 | D        | Reached XP level 1. HP: 22/22 MP: 0/0
     9 | D        | Noticed Jessica
    15 | D        | Killed Jessica
    15 | D        | Reached ** piety under Trog
    16 | D        | Reached skill level 4 in Unarmed Combat
    16 | D        | Reached XP level 2. HP: 20/32 MP: 1/1
    18 | D        | Reached XP level 3. HP: 27/39 MP: 2/2
    65 | D        | Reached *** piety under Trog
    66 | D        | Reached skill level 5 in Unarmed Combat
    89 | D        | Gained mutation: You are robust. (+10% HP) [potion of
                  | mutation]
    89 | D        | Gained mutation: You are partially covered in iridescent
                  | scales. (AC +2) [potion of mutation]
    90 | D        | Lost mutation: You are robust. (+10% HP) [potion of
                  | mutation]
    90 | D        | Lost mutation: You are partially covered in iridescent
                  | scales. (AC +2) [potion of mutation]
    90 | D        | Gained mutation: You passively dampen the noise of your
                  | surroundings. [potion of mutation]
    91 | D        | Lost mutation: You passively dampen the noise of your
                  | surroundings. [potion of mutation]
    91 | D        | Gained mutation: Your mind is acute. (Int +4, Str/Dex -1)
                  | [potion of mutation]
    91 | D        | Gained mutation: You have large cloven feet. [potion of
                  | mutation]
    92 | D        | Lost mutation: Your mind is acute. (Int +4, Str/Dex -1)
                  | [potion of mutation]
    92 | D        | Lost mutation: You have large cloven feet. [potion of
                  | mutation]
    92 | D        | Gained mutation: You are partially covered in iridescent
                  | scales. (AC +2) [potion of mutation]
    93 | D        | Lost mutation: You are partially covered in iridescent
                  | scales. (AC +2) [potion of mutation]
    93 | D        | Gained mutation: You occasionally lose the ability to drink
                  | potions when taking damage. [potion of mutation]
    93 | D        | Gained mutation: Your magical capacity is low. (-10% MP)
                  | [potion of mutation]
    94 | D        | Lost mutation: Your magical capacity is low. (-10% MP)
                  | [potion of mutation]
    94 | D        | Lost mutation: You occasionally lose the ability to drink
                  | potions when taking damage. [potion of mutation]
    94 | D        | Gained mutation: You possess an exceptional clarity of
                  | mind. [potion of mutation]
    94 | D        | Gained mutation: You are agile. (Dex +4, Str/Int -1)
                  | [potion of mutation]
   120 | D        | Noticed a water elemental
   124 | D        | Killed a water elemental
   125 | D        | Reached skill level 5 in Fighting
   125 | D        | Reached skill level 5 in Dodging
   125 | D        | Reached skill level 6 in Unarmed Combat
   125 | D        | Reached XP level 4. HP: 50/50 MP: 3/3
   253 | D        | Found a radiant altar of Vehumet.
   253 | D        | Found a shimmering blue altar of Sif Muna.
   253 | D        | Found an ancient bone altar of Kikubaaqudgha.
   253 | D        | Noticed a wizard
   255 | D        | Killed a wizard
   256 | D        | Reached XP level 5. HP: 57/57 MP: 4/4
   257 | D        | Reached **** piety under Trog
   272 | D        | Found a hide-covered altar of Uskayaw.
   272 | D        | Found an iron altar of Okawaru.
   272 | D        | Found a bloodstained altar of Trog.
   272 | D        | Found an ornate altar of the Wu Jian Council.
   272 | D        | Noticed a human
   273 | D        | Noticed a human
   281 | D        | Killed a human
   282 | D        | Reached skill level 8 in Unarmed Combat
   282 | D        | Reached XP level 6. HP: 46/68 MP: 5/5
   284 | D        | HP: 5/102 [human/+0 club (14)]
   286 | D        | Slain by a human

Illustrated notes

Levels and vault maps discovered:
D:        dungeon_sprint_mu [sprint_mu_entry_forest, sprint_mu_temple_rooms,
          sprint_mu_d1_horrors, sprint_mu_d2_genie, sprint_mu_d3_branching,
          sprint_mu_orc_legion, sprint_mu_elf_gauntlet, sprint_mu_hive_nellie,
          sprint_mu_lair_fedhas, sprint_mu_vaults_butterflies,
          sprint_mu_slime_circle, sprint_mu_swamp_cave, sprint_mu_shoals_kraken,
          sprint_mu_blade_basic, sprint_mu_crypt_lich, sprint_mu_tomb_spiral,
          sprint_mu_vestibule_basic, sprint_mu_gehenna_hellfire,
          sprint_mu_dis_giant, sprint_mu_tartarus_statrot,
          sprint_mu_cocytus_islands, sprint_mu_zot1]

Skill      XL: |  1  2  3  4  5 |
---------------+----------------+-----
Fighting       | 3 5 6 |  6.8
Dodging        | 3 5 6 |  6.7
Unarmed Combat | 4 6 8 |  8.0

Action                     |  1- 3 |  4- 6 || total
---------------------------+-------+-------++-------
  Melee: Unarmed           |    23 |    13 ||    36
 Invoke: Berserk           |     1 |     1 ||     2
    Use: Potion            |     6 |       ||     6
   Stab: Sleeping          |       |     2 ||     2
 Armour: Animal skin       |     9 |       ||     9
         Robe              |     7 |     8 ||    15
  Dodge: Dodged            |     5 |     4 ||     9

Table legend: (Time is in decaauts)
 A = Elapsed time spent in this place.
 B = Non-inter-level travel time spent in this place.
 C = Inter-level travel time spent in this place.
 D = Time resting spent in this place.
 E = Time spent auto-exploring this place.
 F = Levels seen in this place.
 G = Mean time per level.
                   A        B        C        D        E       F      G
               +--------+--------+--------+--------+--------+-----+--------+
         Total |    290 |    290 |      0 |    133 |     48 |   1 |  290.0 |
       Dungeon |    290 |    290 |      0 |    133 |     48 |   1 |  290.0 |
               +--------+--------+--------+--------+--------+-----+--------+

Top non-repeatable levels by time:
       D: 290 daAuts
